 Dungeon Crawl Stone Soup version 0.26.1-11-gd32895ea62 (webtiles) character file.

Game seed: 18219823706913065611

178877 Zeld the Tortoise (level 17, -13/252 HPs)
             Began as a Minotaur Berserker on May 28, 2021.
             Was the Champion of Trog.
             Killed from afar by a frost giant (15 damage)
             ... with a bolt of cold
             ... on level 4 of the Shoals.
             The game lasted 00:49:15 (42530 turns).

Zeld the Tortoise (Minotaur Berserker)             Turns: 42530, Time: 00:49:16

Health: -13/252    AC: 32    Str: 28    XL:     17   Next: 59%
Magic:  16/16      EV: 18    Int:  5    God:    Trog [******]
Gold:   2810       SH:  5    Dex: 13    Spells: 16/16 levels left

rFire    . . .     SeeInvis +   b - +9 war axe (flame)
rCold    . . .     Faith    .   (no shield)
rNeg     . . .     Spirit   .   o - +0 plate armour
rPois    .         Reflect  +   w - +2 hat
rElec    .         Harm     .   y - +2 cloak
rCorr    +         Rampage  .   d - +1 pair of gloves
Will     +....                  e - +2 pair of boots
Stlth    ..........             l - amulet of reflection
HPRegen  0.52/turn              i - ring of see invisible
MPRegen  0.15/turn              P - ring of the Octopus King {rCorr AC+1 EV+1 Str+1 Int+1 Dex+1}

@: berserking, slow
A: retaliatory headbutt, horns 2
a: Renounce Religion, Berserk, Trog's Hand, Brothers in Arms


You were on level 4 of the Shoals.
You worshipped Trog.
Trog was exalted by your worship.
You visited 5 branches of the dungeon, and saw 28 of its levels.
You also visited: Trove, Bailey and Volcano.

You collected 4692 gold pieces.
You spent 1882 gold pieces at shops.

Inventory:

Hand Weapons
 a - a +9 vorpal war axe
 b - a +9 war axe of flaming (weapon)
Armour
 d - a +1 pair of gloves (worn)
 e - a +2 pair of boots (worn)
 o - a +0 plate armour (worn)
 w - a +2 hat (worn)
 y - a +2 cloak (worn)
Jewellery
 i - a ring of see invisible (left hand)
 l - an amulet of reflection (around neck)
 C - an uncursed ring of protection from fire
 F - an uncursed ring of resist corrosion
 P - a ring of the Octopus King (right hand) {rCorr AC+1 EV+1 Str+1 Int+1 Dex+1}
   (You found it on level 4 of the Shoals)

   [ring of resist corrosion]

   It affects your AC (+1).
   It affects your evasion (+1).
   It affects your strength (+1).
   It affects your intelligence (+1).
   It affects your dexterity (+1).
   It provides partial protection from all sources of acid and corrosion.
Wands
 j - a wand of iceblast (21)
 k - a wand of random effects (54)
 u - a wand of flame (36)
 B - a wand of acid (11)
 E - a wand of paralysis (66)
 J - a wand of polymorph (11)
 O - a wand of digging (8)
 Q - a wand of enslavement (25)
 R - a wand of disintegration (22)
Scrolls
 f - 11 scrolls of teleportation
 m - 4 scrolls of fear
 q - 7 scrolls of blinking
 r - 7 scrolls of remove curse
 z - 7 scrolls of identify
 D - 6 scrolls of magic mapping
 G - a scroll of enchant weapon
 M - a scroll of brand weapon
 S - 2 scrolls of holy word
Potions
 c - 6 potions of magic
 g - 16 potions of curing
 h - 4 potions of might
 n - 4 potions of haste
 p - 8 potions of flight
 s - 7 potions of invisibility
 v - 2 potions of resistance
 x - 2 potions of heal wounds
 A - 2 potions of ambrosia
 H - 4 potions of cancellation
 K - 2 potions of berserk rage
Miscellaneous
 t - a lightning rod (4/4)
 I - a tin of tremorstones (2/2)
 L - a box of beasts
 N - a phantom mirror


   Skills:
 * Level 19.3 Fighting
 - Level 16.0 Axes
 - Level 19.3 Armour
 * Level 17.8 Dodging
 * Level 7.5 Evocations


You had 16 spell levels left.
You didn't know any spells.
Your spell library was empty.

Dungeon Overview and Level Annotations

Branches:
Dungeon (15/15)            Temple (1/1) D:7            Lair (6/6) D:8
 Shoals (4/4) Lair:2       Spider (0/4) Lair:4        Slime (0/5) Lair:5
    Orc (2/2) D:9             Elf (0/3) Orc:2        Vaults (0/5) D:14
 Depths (0/5) D:15         Bailey (visited)         Volcano (visited)

Altars:
Ashenzari
Cheibriados
Dithmenos
Elyvilon
Fedhas
Gozag
Hepliaklqana
Kikubaaqudgha
Makhleb
Nemelex Xobeh
Okawaru
Qazlal
Ru
Sif Muna
Trog
Uskayaw
Vehumet
Wu Jian
Xom
Yredelemnul
Zin
The Shining One
Beogh
Jiyva

Shops:
D:4 [   D:12 (   Orc:2 *!?[:


Innate Abilities, Weirdness & Mutations

You reflexively headbutt those who attack you in melee.
You have a pair of horns on your head.


Message History

Your unstable footing causes you to fumble your attack.
You are engulfed in freezing vapours.
* * * LOW HITPOINT WARNING * * *
You are too injured to fight recklessly!
You are too injured to fight recklessly!
Unknown command.
A red film seems to cover your vision as you go berserk!
You feel yourself moving faster!
You feel mighty!
You are engulfed in freezing vapours.
* * * LOW HITPOINT WARNING * * *
The frost giant hits you with a +1 battleaxe of freezing!
* * * LOW HITPOINT WARNING * * *
The frost giant freezes you!
* * * LOW HITPOINT WARNING * * *
You barely miss the frost giant.
The frost giant is severely wounded.
You are engulfed in freezing vapours.
The frost giant gestures at you while chanting.
The bolt of cold hits you!
You die...

≈≈≈≈≈≈≈≈≈≈≈≈≈≈≈≈≈
≈≈≈≈≈≈≈≈≈≈≈≈≈≈≈≈≈
≈≈≈≈≈≈≈≈≈≈≈≈≈≈≈≈≈
≈≈≈≈≈≈≈≈≈≈≈≈≈≈≈
≈≈≈≈≈≈≈≈≈≈≈≈≈≈≈
≈≈≈≈≈≈≈≈≈≈≈≈####### ....
≈≈≈≈≈≈≈C≈≈≈##.##..###≈≈≈
≈≈≈≈≈≈≈@≈≈≈#...≈...##≈≈≈
≈≈≈≈≈≈≈°≈)###.#.#..#....
≈≈≈≈≈≈≈°≈≈###≈.))≈≈##...
≈≈≈≈≈≈≈°.≈≈#≈.#.#.###...
≈≈≈≈≈≈≈°≈.##...≈...#≈...
≈≈≈≈≈≈≈≈≈.##..###.###...
≈≈≈≈≈≈≈≈≈...### ###.....
≈≈≈≈≈≈≈≈.(<.#######....[
≈≈≈≈≈≈≈...............≈≈


You could see a frost giant.

Vanquished Creatures
  Rupert (D:13)
  Frances (Shoals:1)
  Gastronok (D:8)
  Kirke (D:15)
  A merfolk javelineer (Shoals:2)
  An ettin (shapeshifter) (D:11)
  2 ettins
  Snorg (D:12)
  10 merfolk impalers
  A fire dragon (D:15)
  12 hydras
  8 boulder beetles
  An ice dragon (D:15)
  13 two-headed ogres
  6 merfolk aquamancers
  2 catoblepae (D:14)
  A centaur warrior (D:14)
  3 merfolk avatars
  2 death knights
  4 alligator snapping turtles
  2 death yaks (Lair:5)
  A tengu warrior (D:13)
  2 ogre magi (Orc:2)
  Urug (Lair:2)
  Nergalle (Lair:4)
  5 skeletal warriors (D:15)
  An iron troll (D:14)
  4 unseen horrors
  The ghost of 0gre the Frost Mage, a novice GnIE of Vehumet (D:9)
  10 sea snakes
  2 deep trolls (Orc:2)
  2 phantasmal warriors (D:13)
  4 lindwurms
  4 deep elf magi
  17 harpies
  A mana viper (shapeshifter) (D:14)
  A faun (Shoals:2)
  3 orc knights
  2 orc sorcerers
  7 ugly things
  8 cyclopes
  9 merfolk sirens
  13 elephants
  4 black mambas
  10 manticores
  Joseph (D:7)
  2 spectral centaurs (D:9)
  2 centaur zombies
  5 molten gargoyles (Volcano)
  4 water nymphs
  Psyche (D:10)
  A gargoyle (D:13)
  16 cane toads
  5 komodo dragons
  15 rime drakes
  Maggie (D:8)
  3 centaur skeletons
  5 efreet
  3 freezing wraiths (D:15)
  A kobold demonologist (D:12)
  2 guardian mummies (D:11)
  A tengu conjurer (D:15)
  11 trolls
  7 hornets
  4 polar bears
  13 wind drakes
  A wind drake (shapeshifter) (D:14)
  3 meliai (D:13)
  A blink frog (shapeshifter) (D:14)
  25 merfolk
  Grinder (D:5)
  8 slime creatures (D:14)
  10 snapping turtles
  20 blink frogs
  A meliai zombie (D:14)
  7 dream sheep
  3 redbacks (Lair:4)
  12 spriggans (Lair:6)
  A shadow (D:11)
  A wyvern (Lair:3)
  2 hogs (D:15)
  A wraith (D:14)
  68 yaks
  6 basilisks
  17 water elementals
  7 steam dragons (Lair:4)
  6 fire elementals
  7 vampire mosquitoes
  Grum (D:8)
  2 wargs (D:9)
  2 soldier ants (D:13)
  12 water moccasins
  Duvessa (D:5)
  2 hornet zombies
  5 black bears
  An eye of draining (shapeshifter) (D:14)
  26 orc warriors
  3 sky beasts
  2 necrophages
  2 ice beasts (D:11)
  2 eyes of draining
  4 phantoms
  36 wolves
  4 boggarts (Lair:6)
  28 ogres
  7 centaurs
  A big kobold (D:13)
  27 bullfrogs
  An earth elemental (Volcano)
  Dowan (D:5)
  A water moccasin zombie (D:10)
  5 scorpions
  15 killer bees
  2 howler monkeys
  15 wights
  3 bullfrog zombies
  3 jellies
  2 lava snakes (D:14)
  4 hounds
  13 orc priests
  Crazy Yiuf (D:5)
  A bullfrog skeleton (D:8)
  3 iguanas
  Terence (D:3)
  12 worker ants
  Natasha (thrice) (D:3)
  22 orc wizards
  A bullfrog simulacrum (D:9)
  A hound zombie (D:9)
  A hound skeleton (D:10)
  7 gnolls
  7 adders
  3 white imps
  3 ufetubi (D:9)
  5 oozes
  An adder zombie (D:7)
  2 worms (D:2)
  A dart slug (D:3)
  6 leopard geckos
  73 orcs
  6 bats
  6 giant cockroaches
  8 goblins
  5 hobgoblins
  10 jackals
  13 kobolds
  4 quokkas
  6 frilled lizards
  A leopard gecko skeleton (D:8)
  A quokka skeleton (D:5)
  3 rats
  3 fire vortices
951 creatures vanquished.

Vanquished Creatures (collateral kills)
  Louise (D:15)
  A merfolk javelineer (Shoals:4)
  A merfolk impaler (Shoals:4)
  A death knight (D:12)
  A spriggan (shapeshifter) (D:14)
  An orc warrior (D:13)
  A bullfrog (D:14)
  An orc wizard (D:13)
8 creatures vanquished.

Vanquished Creatures (others)
  A centaur skeleton (D:15)
  4 humans (D:15)
  An orc (D:8)
  A fire vortex (Volcano)
  21 fungi
  66 plants
94 creatures vanquished.

Grand Total: 1053 creatures vanquished

Notes
Turn   | Place    | Note
-------+----------+-------------------------------------------
     0 | D:1      | Zeld the Minotaur Berserker began the quest for the Orb.
     0 | D:1      | Reached XP level 1. HP: 19/19 MP: 0/0
   360 | D:1      | Reached XP level 2. HP: 6/26 MP: 1/1
  1140 | D:2      | Reached skill level 5 in Axes
  1289 | D:2      | Reached XP level 3. HP: 26/31 MP: 2/2
  1810 | D:2      | Reached XP level 4. HP: 22/39 MP: 3/3
  2084 | D:2      | Reached ** piety under Trog
  2511 | D:3      | Noticed Terence
  2513 | D:3      | Killed Terence
  2744 | D:3      | Reached XP level 5. HP: 42/45 MP: 4/4
  2980 | D:3      | Noticed Natasha
  2986 | D:3      | Killed Natasha
  3034 | D:3      | Noticed Natasha
  3037 | D:3      | Killed Natasha
  3152 | D:3      | Noticed Natasha
  3160 | D:3      | Killed Natasha
  3261 | D:4      | Reached XP level 6. HP: 51/51 MP: 5/5
  3357 | D:4      | Reached *** piety under Trog
  3538 | D:4      | Reached XP level 7. HP: 53/57 MP: 6/6
  3944 | D:4      | Found Noidghix's Armour Emporium.
  3954 | D:4      | Reached skill level 10 in Axes
  4091 | D:5      | Entered Level 5 of the Dungeon
  4352 | D:5      | Found a runed translucent door.
  4353 | D:5      | Noticed Crazy Yiuf
  4469 | D:5      | Noticed Dowan
  4470 | D:5      | Noticed Duvessa
  4477 | D:5      | Killed Duvessa
  4482 | D:5      | Killed Dowan
  4907 | D:5      | Noticed Grinder
  4929 | D:5      | Paralysed by Grinder for 3 turns
  4933 | D:5      | Killed Grinder
  4934 | D:5      | Reached XP level 8. HP: 45/64 MP: 7/7
  5325 | D:5      | Killed Crazy Yiuf
  5753 | D:6      | You fall into a shaft and drop 3 floors!
  5815 | D:9      | Reached **** piety under Trog
  6177 | D:8      | Reached XP level 9. HP: 67/70 MP: 8/8
  6280 | D:8      | Noticed Gastronok
  6304 | D:8      | Killed Gastronok
  6305 | D:8      | Reached skill level 1 in Evocations
  6832 | D:7      | Noticed Joseph
  6848 | D:7      | Killed Joseph
  6849 | D:7      | Reached XP level 10. HP: 38/80 MP: 9/9
  7423 | D:7      | Found a staircase to the Ecumenical Temple.
  7431 | D:7      | Reached skill level 5 in Fighting
  7442 | Temple   | Entered the Ecumenical Temple
  7988 | D:8      | Noticed Grum
  8005 | D:8      | Killed Grum
  8006 | D:8      | Reached skill level 5 in Dodging
  8132 | D:8      | Found a staircase to the Lair.
  8286 | D:8      | Noticed Maggie
  8295 | D:8      | Killed Maggie
  8411 | D:8      | Found a sacrificial altar of Ru.
  8680 | D:9      | Reached ***** piety under Trog
  8965 | D:9      | Found a staircase to the Orcish Mines.
  9164 | D:9      | Found a runed translucent gate.
  9165 | D:9      | Found a runed translucent gate.
  9166 | D:9      | Found a runed translucent gate.
  9166 | D:9      | Noticed a spectral centaur warrior
  9166 | D:9      | Noticed a spectral centaur warrior
  9168 | D:9      | Noticed 0gre's ghost (novice GnIE)
  9289 | D:10     | Entered Level 10 of the Dungeon
  9355 | D:10     | Found a flagged portal.
  9366 | Bailey   | Entered a bailey
 10068 | Bailey   | Reached XP level 11. HP: 76/93 MP: 10/10
 10242 | Bailey   | Reached skill level 5 in Evocations
 10254 | Bailey   | Noticed an orc knight
 10260 | Bailey   | Killed an orc knight
 10899 | D:10     | Noticed an unseen horror
 10906 | D:10     | Killed an unseen horror
 11028 | D:10     | Noticed Psyche
 11038 | D:10     | Killed Psyche
 11104 | D:10     | Reached skill level 5 in Armour
 12066 | D:11     | Received a gift from Trog
 12229 | D:11     | Noticed a two-headed ogre
 12230 | D:11     | Noticed a green ugly thing
 12240 | D:11     | Killed a two-headed ogre
 12247 | D:11     | Killed a green ugly thing
 12317 | D:11     | Noticed an unseen horror
 12327 | D:11     | Noticed a two-headed ogre
 12336 | D:11     | Killed an unseen horror
 12339 | D:11     | Killed a two-headed ogre
 12340 | D:11     | Reached skill level 10 in Fighting
 12425 | D:11     | Noticed a boulder beetle
 12438 | D:11     | Killed a boulder beetle
 12578 | D:11     | Found a portal to a secret trove of treasure.
 12587 | D:11     | Reached XP level 12. HP: 29/106 MP: 11/11
 13557 | D:11     | Noticed an ettin
 13564 | D:11     | Killed an ettin
 13565 | D:11     | Reached skill level 10 in Armour
 13645 | D:11     | Noticed a seven-headed hydra
 13654 | D:11     | Killed a three-headed hydra
 14217 | D:12     | Reached skill level 10 in Dodging
 14272 | D:12     | Noticed a two-headed ogre
 14281 | D:12     | Killed a two-headed ogre
 14648 | D:12     | Noticed a death knight
 14660 | D:12     | Killed a death knight
 14893 | D:12     | Noticed Snorg
 14907 | D:12     | Killed Snorg
 15189 | D:12     | Noticed a boulder beetle
 15222 | D:12     | Killed a boulder beetle
 15373 | D:12     | Found Piug's Antique Weapon Shop.
 15981 | D:13     | Noticed a two-headed ogre
 15994 | D:13     | Killed a two-headed ogre
 16121 | D:13     | Reached XP level 13. HP: 111/118 MP: 12/12
 16124 | D:13     | Noticed Rupert
 16137 | D:13     | Paralysed by Rupert for 7 turns
 16172 | D:13     | Received a gift from Trog
 16938 | D:13     | Killed Rupert
 18499 | D:14     | Reached skill level 15 in Armour
 18549 | D:14     | HP: 5/123 [phantasmal warrior[a death knight] (4)]
 19538 | D:14     | Noticed an ettin
 19545 | D:14     | Killed an ettin
 19708 | D:14     | Found a gate to the Vaults.
 19757 | D:14     | Reached XP level 14. HP: 132/132 MP: 13/13
 19765 | D:14     | Received a gift from Trog
 20518 | D:15     | Entered Level 15 of the Dungeon
 20584 | D:15     | Noticed Louise
 20611 | D:15     | Killed Louise
 21199 | D:15     | Noticed Kirke
 21213 | D:15     | Killed Kirke
 21568 | D:15     | Reached skill level 15 in Fighting
 21881 | D:15     | Found a staircase to the Depths.
 22802 | D:9      | Killed 0gre's ghost
 22913 | Orc:1    | Entered Level 1 of the Orcish Mines
 23085 | Orc:1    | Found a dark tunnel.
 23094 | Volcano  | Entered a volcano
 24403 | Orc:2    | Entered Level 2 of the Orcish Mines
 24438 | Orc:2    | Found an iron altar of Okawaru.
 24623 | Orc:2    | Found a roughly hewn altar of Beogh.
 24672 | Orc:2    | Found Migh's Book Boutique.
 24675 | Orc:2    | Found a staircase to the Elven Halls.
 24829 | Orc:2    | Found Tawyup's Magic Scroll Shop.
 24852 | Orc:2    | Reached XP level 15. HP: 97/143 MP: 14/14
 24872 | Orc:2    | Found Xoem Zao's General Store.
 25186 | Orc:2    | Received a gift from Trog
 25804 | Orc:2    | Found Ohi Ucso's Armour Emporium.
 25805 | Orc:2    | Bought a scroll of brand weapon for 280 gold pieces
 25805 | Orc:2    | Bought a scroll of identify for 28 gold pieces
 25805 | Orc:2    | Bought a scroll of teleportation for 42 gold pieces
 25805 | Orc:2    | Bought a scroll of blinking for 105 gold pieces
 25805 | Orc:2    | Bought a scroll of magic mapping for 49 gold pieces
 25805 | Orc:2    | Bought a scroll of enchant weapon for 105 gold pieces
 25805 | Orc:2    | Bought a scroll of teleportation for 42 gold pieces
 25810 | Orc:2    | Bought a phantom mirror for 520 gold pieces
 25810 | Orc:2    | Bought a scroll of remove curse for 39 gold pieces
 25812 | Orc:2    | Found Vaobremoe's Distillery.
 25821 | Orc:2    | Bought 2 potions of cancellation for 192 gold pieces
 25821 | Orc:2    | Bought 2 potions of flight for 72 gold pieces
 25821 | Orc:2    | Bought a potion of invisibility for 96 gold pieces
 25821 | Orc:2    | Bought a potion of resistance for 120 gold pieces
 25821 | Orc:2    | Bought a potion of resistance for 120 gold pieces
 25821 | Orc:2    | Bought a potion of flight for 36 gold pieces
 25821 | Orc:2    | Bought a potion of flight for 36 gold pieces
 26085 | D:11     | You paid a toll of 3 potions of resistance to enter a
                  | treasure trove
 26086 | Trove    | Entered a treasure trove
 26255 | Lair:1   | Entered Level 1 of the Lair of Beasts
 27686 | Lair:2   | Reached skill level 15 in Dodging
 27695 | Lair:2   | Noticed Urug
 27707 | Lair:2   | Killed Urug
 28248 | Lair:2   | Found a staircase to the Shoals.
 28611 | Lair:2   | Identified a scroll of acquirement
 28612 | Lair:2   | Acquired 1319 gold pieces
 29171 | Lair:3   | Reached ****** piety under Trog
 29724 | Lair:4   | Noticed Nergalle
 29730 | Lair:4   | Killed Nergalle
 30324 | Lair:4   | Found a hole to the Spider Nest.
 31507 | Lair:5   | Reached XP level 16. HP: 155/155 MP: 15/15
 32098 | Lair:5   | Found a runed translucent door.
 32098 | Lair:5   | Found a viscous altar of Jiyva.
 32099 | Lair:5   | Found a staircase to the Slime Pits.
 32487 | Lair:5   | Received a gift from Trog
 32770 | Lair:6   | Entered Level 6 of the Lair of Beasts
 33420 | Lair:6   | Paralysed by a hornet for 1 turns
 33994 | Shoals:1 | Entered Level 1 of the Shoals
 33994 | Shoals:1 | Noticed Frances
 34010 | Shoals:1 | Killed Frances
 34419 | Shoals:1 | You fall into a shaft and drop 1 floor!
 34749 | Shoals:1 | Received a gift from Trog
 37569 | Shoals:3 | Reached XP level 17. HP: 139/166 MP: 16/16
 38412 | Shoals:3 | Received a gift from Trog
 38907 | Shoals:4 | Entered Level 4 of the Shoals
 41241 | Shoals:4 | Found the ring of the Octopus King
 41371 | Shoals:4 | Got a ring of the Octopus King
 41379 | Shoals:4 | Identified a ring of the Octopus King {rCorr AC+1 EV+1
                  | Str+1 Int+1 Dex+1} (You found it on level 4 of the Shoals)
 41432 | Shoals:4 | Received a gift from Trog
 42529 | Shoals:4 | HP: 10/252 [frost giant/+1 battleaxe of freezing (17)]
 42529 | Shoals:4 | HP: 2/252 [frost giant/+1 battleaxe of freezing (8)]
 42530 | Shoals:4 | Killed from afar by a frost giant

Illustrated notes

Levels and vault maps discovered:
D:1:      amcnicky_arrival_underground_garden, layout_rooms, minmay_pentomino_w2
D:2:      layout_basic, minmay_goblin_kobold_house
D:3:      layout_rooms, uniq_terence, uniq_natasha
D:4:      layout_cave_pools, serial_shops, nicolae_shop_statue_plus,
          minmay_misc_feat_encased, minmay_misc_feat_four_crosses
D:5:      layout_basic, uniq_crazy_yiuf_cottage, uniq_duvessa, uniq_grinder
D:6:      layout_cave_pools, hangedman_decor_push
D:7:      layout_cave_pools, minmay_temple_entry_offerings, uniq_joseph
D:8:      layout_rooms, hangedman_ru_absence, grunt_lair_entry_orc_guard_hut,
          uniq_grum, uniq_gastronok, uniq_maggie
D:9:      layout_loops_ring, david_orc_1_choice, gammafunk_ghost_necromancy
D:10:     layout_loops_ring, enter_bailey_5, hangedman_abyss_or_decor_clamps,
          serial_bayou_pond_e, uniq_psyche
D:11:     layout_cave_pods, nicolae_trove_entry_path_of_doom
D:12:     layout_basic, serial_shops, nicolae_shop_statue_plus,
          eino_tiny_chamber, uniq_snorg
D:13:     layout_rooms, uniq_rupert
D:14:     layout_big_octagon, david_vaults_4, kennysheep_donut
D:15:     grunt_enter_depths_hoard, layout_basic, minmay_misc_feat_more_columns,
          grunt_ministairs_14, uniq_kirke, uniq_louise
Temple:   grunt_wide_crystal_templ
Lair:1:   layout_concentric_octagons
Lair:2:   layout_layer_cave, elwin_shoals_entry_stream, grunt_megastairs_2,
          uniq_urug
Lair:3:   layout_regular_city
Lair:4:   layout_gridlike, spider_nest_entry_webs, grunt_forest_small_clearings,
          st_stairs_7, bobbens_dragon_lair_wall, uniq_nergalle
Lair:5:   layout_cave_pods, slime_altar_2, minmay_shattered_shrine,
          grunt_megastairs_3
Lair:6:   minmay_lair_end_enchanted_forest, layout_regular_city
Shoals:1: layout_shoals, nicolae_shoals_dead_sea_scrolls, uniq_frances
Shoals:2: layout_shoals
Shoals:3: layout_shoals, nicolae_shoals_seven_spires
Shoals:4: shoals_end_grunt_ice, layout_shoals
Orc:1:    layout_diamond_mine, nicolae_volcano_entry_vermiform
Orc:2:    st_orc_open, layout_diamond_mine, serial_shops, shop, basic_altar,
          okawaru_metal_pillars_1_2

Skill      XL: |  1  2  3  4  5  6  7  8  9 10 11 12 13 14 15 16 17 |
---------------+----------------------------------------------------+-----
Axes           | 4 5 6 7 8 9 11 13 16 | 16.0
Fighting       | 4 7 10 12 14 15 17 18 19 | 19.3
Evocations     | 1 4 5 7 |  7.5
Dodging        | 3 6 9 11 12 14 15 17 | 17.8
Armour         | 9 13 15 16 18 19 | 19.3

Action                   |  1- 3 |  4- 6 |  7- 9 | 10-12 | 13-15 | 16-18 || total
-------------------------+-------+-------+-------+-------+-------+-------++-------
Melee: Hand axe          |    81 |   123 |   105 |     9 |    61 |    32 ||   411
       Headbutt          |    10 |    18 |    35 |   119 |   235 |   229 ||   646
       War axe           |       |       |    95 |   501 |   904 |   928 ||  2428
       Executioner's axe |       |       |       |       |     1 |       ||     1
Invok: Berserk           |     1 |     3 |     5 |    10 |    18 |     8 ||    45
       Trog's Hand       |       |     1 |     1 |       |       |       ||     2
       Brothers in Arms  |       |       |     1 |     2 |     4 |     1 ||     8
Evoke: Wand              |       |       |       |     7 |     6 |     1 ||    14
  Use: Potion            |     1 |       |       |     2 |     1 |     1 ||     5
       Scroll            |       |     9 |     3 |    17 |    26 |     8 ||    63
 Stab: Distracted        |       |       |       |       |     1 |       ||     1
Armor: Skin              |     5 |     2 |       |       |       |       ||     7
       Plate armour      |       |    39 |    77 |   219 |   453 |   506 ||  1294
Dodge: Dodged            |    66 |    50 |    35 |   172 |   463 |   636 ||  1422
Block: Other             |     2 |    31 |    32 |    91 |   192 |   175 ||   523
       Reflection        |       |     6 |     2 |    16 |     5 |    14 ||    43
